 Dungeon Crawl Stone Soup version 0.28-a0-1624-g820543e53a (webtiles) character file.

Game seed: 4654812097743426069

119 oldriver the Stinger (level 5, -3/45 HPs)
             Began as a Naga Venom Mage on Jan 24, 2022.
             Slain by an orc warrior (16 damage)
             ... on level 3 of the Dungeon.
             The game lasted 00:04:25 (3225 turns).

oldriver the Stinger (Naga Venom Mage)              Turns: 3225, Time: 00:04:31

Health: -3/45      AC:  3    Str: 10    XL:     5   Next: 3%
Magic:  4/18       EV:  9    Int: 18    God:
Gold:   206        SH:  3    Dex: 11    Spells: 6/9 levels left

rFire   . . .      SeeInvis +   i - staff of air
rCold   + . .      Faith    .   e - +0 buckler
rNeg    . . .      Spirit   .   a - +0 robe
rPois   +          Reflect  .   j - +0 helmet
rElec   +          Harm     .   (no cloak)
rCorr   .          Rampage  .   (no gloves)
Will    .....                   (no barding)
Stlth   ++........              (no amulet)
HPRegen 0.15/turn               b - ring of protection from cold
MPRegen 0.16/turn               k - ring of magical power

@: short of breath, very slow
A: AC +1, large, see invisible, deformed body, poison resistance, slowness 2,
spit poison 1, naga tail 1
a: Spit Poison


You were on level 3 of the Dungeon.
You visited 1 branch of the dungeon, and saw 3 of its levels.

You collected 206 gold pieces.

Inventory:

Armour
 a - a +0 robe (worn)
 e - a +0 buckler (worn)
 j - a +0 helmet (worn)
Magical Staves
 i - a staff of air (weapon)
Jewellery
 b - a ring of protection from cold (left hand)
 h - a ring of ice
 k - a ring of magical power (right hand)
Scrolls
 d - 2 scrolls of identify
 l - a scroll of amnesia
Potions
 f - a potion of invisibility {unknown}
 g - a potion of heal wounds {unknown}
 m - a potion of brilliance {unknown}


   Skills:
 + Level 2.0 Fighting
 - Level 2.0 Dodging
 + Level 4.4 Stealth
 + Level 2.7 Spellcasting
 - Level 1.0 Transmutations
 + Level 5.0 Poison Magic


You had 6 spell levels left.
You knew the following spells:

 Your Spells              Type           Power      Damage    Failure   Level
a - Sting                 Tmut/Pois      52%        1d5       6%          1
b - Poisonous Vapours     Pois/Air       34%        N/A       12%         2

Your spell library contained the following spells:

 Spells                   Type           Power      Damage    Failure   Level
 Olgreb's Toxic Radiance  Pois           20%        N/A       26%         4
 Mephitic Cloud           Conj/Pois/Air  12%        N/A       32%         3


Dungeon Overview and Level Annotations

Branches:
Dungeon (3/15)

Altars:
Makhleb
Okawaru
Xom


Innate Abilities, Weirdness & Mutations

Your serpentine skin is tough. (AC +1)
You have supernaturally acute eyesight. (SInv)
Armour fits poorly on your strangely shaped body.
Your system is resistant to poisons. (rPois)
You cover ground very slowly.
You can spit poison.
You have a snake-like lower body.


Message History

Aim: an orc warrior, wielding a +0 scimitar and wearing a +0 plate armour (poisoned)
You feel a surge of power!
Poisonous vapours surround the orc warrior!
The orc warrior looks even sicker.
You have got your breath back.
As you read the scroll labelled GADWUM VECOUFF, it crumbles to dust.
It is a scroll of identify.
l - a scroll of amnesia
As you read the scroll labelled KYIRER TUAGU, it crumbles to dust.
The creatures around you are filled with an inner flame!
It was a scroll of immolation.
Flame seeps out of the orc warrior.
The orc barely misses you.
The orc warrior is engulfed in blazing flames.
Flame seeps out of the orc warrior.
The orc warrior hits you with a +0 scimitar!
Aiming: Spit Poison (1% risk of failure)
Press: ? - help, Shift-Dir - straight line, f/p - orc warrior
Aim: an orc warrior, wielding a +0 scimitar and wearing a +0 plate armour (flame, heavily wounded, inner flame, very poisoned, 59% to hit)
The splash of poison hits the orc warrior.
Flame seeps out of the orc warrior.
The orc warrior is heavily wounded.
The orc barely misses you.
The orc warrior is engulfed in blazing flames.
Flame seeps out of the orc warrior.
The orc warrior hits you with a +0 scimitar!
You are too injured to fight recklessly!
Casting: Poisonous Vapours (safe; 12% risk of failure)
Confirm with . or Enter, or press ? or * to list all spells.
Aiming: Sting (safe; 6% risk of failure)
Press: ? - help, Shift-Dir - straight line, f/p - orc warrior
Aim: an orc warrior, wielding a +0 scimitar and wearing a +0 plate armour (flame, almost dead, inner flame, very poisoned, 71% to hit)
The sting hits the orc warrior.
The orc warrior looks even sicker.
Flame seeps out of the orc warrior.
The orc warrior is almost dead.
The orc hits you from afar with a +2 vorpal trident.
* * * LOW HITPOINT WARNING * * *
The orc warrior is engulfed in blazing flames.
Flame seeps out of the orc warrior.
The orc warrior hits you with a +0 scimitar!
You die...

###..........#.# #######
#............#.#
####.#..........#.#
#....#..........#.#
..####..........#.#
######..........#.#######
............)............
##############..#.######
##.@.# ## ##.o### .#
###.o)..# .# ##..........
.#### #≈.≈..........
....# #≈.≈........$.
#...### #≈.≈..........
##....######≈≈≈..........
.........................


You could see an orc warrior (inner flame, very poisoned) and an orc (inner
flame).

Vanquished Creatures
  An orc priest (D:3)
  2 adders
  A worm (D:2)
  A dart slug (D:1)
  8 ball pythons
  5 endoplasms
  14 goblins
  8 hobgoblins
  2 kobolds
  3 quokkas
  5 bats
  A frilled lizard (D:1)
  6 rats
57 creatures vanquished.

Notes
Turn   | Place    | Note
-------+----------+-------------------------------------------
     0 | D:1      | oldriver the Naga Venom Mage began the quest for the Orb.
     0 | D:1      | Reached XP level 1. HP: 15/15 MP: 3/3
   590 | D:1      | Reached XP level 2. HP: 24/24 MP: 1/5
   884 | D:1      | Found a faded altar of an unknown god.
  1137 | D:1      | Reached XP level 3. HP: 30/30 MP: 1/6
  1389 | D:1      | Reached skill level 1 in Fighting
  2097 | D:2      | Reached XP level 4. HP: 38/38 MP: 4/7
  2209 | D:2      | Learned a level 2 spell: Poisonous Vapours
  2628 | D:3      | Found a burning altar of Makhleb.
  2764 | D:3      | Found a shimmering altar of Xom.
  2812 | D:3      | Found an iron altar of Okawaru.
  3104 | D:3      | Noticed an orc warrior
  3219 | D:3      | Reached skill level 5 in Poison Magic
  3219 | D:3      | Reached XP level 5. HP: 45/45 MP: 8/9
  3225 | D:3      | Slain by an orc warrior

Illustrated notes

Levels and vault maps discovered:
D:1:      sevenhm_arrival_forest_fort_small_4, layout_basic,
          basic_ecumenical_altar, minmay_tiny_reverse_x
D:2:      cheibrodos_greedy_goblins, layout_basic
D:3:      layout_rooms, mainiacjoe_overflow_surrounded_room,
          mainiacjoe_overflow_six_doors_small, amcnicky_altar_gilded,
          chequers_serial_rivers_micro_a, chequers_serial_rivers_micro_d

Skill      XL: |  1  2  3  4 |
---------------+-------------+-----
Fighting       | 1 2 |  2.0
Dodging        | 2 |  2.0
Stealth        | 4 |  4.4
Poison Magic   | 5 |  5.0
Spellcasting   | |  2.7
Transmutations | |  1.0

Action                   |  1- 3 |  4- 6 || total
-------------------------+-------+-------++-------
Melee: Unarmed           |    19 |       ||    19
 Cast: Sting             |    38 |    20 ||    58
       Poisonous Vapours |       |    15 ||    15
 Abil: Spit Poison       |    34 |     7 ||    41
  Use: Scroll            |       |     2 ||     2
Armor: Robe              |     8 |     2 ||    10
Dodge: Dodged            |    24 |     4 ||    28
Block: Buckler           |     4 |       ||     4

Table legend: (Time is in decaauts)
 A = Elapsed time spent in this place.
 B = Non-inter-level travel time spent in this place.
 C = Inter-level travel time spent in this place.
 D = Time resting spent in this place.
 E = Time spent auto-exploring this place.
 F = Levels seen in this place.
 G = Mean time per level.
                   A        B        C        D        E       F      G
               +--------+--------+--------+--------+--------+-----+--------+
         Total |   3840 |   3710 |    130 |    760 |   2472 |   3 | 1280.0 |
       Dungeon |   3840 |   3710 |    130 |    760 |   2472 |   3 | 1280.0 |
               +--------+--------+--------+--------+--------+-----+--------+

Top non-repeatable levels by time:
     D:1: 1979 daAuts
     D:2: 1100 daAuts
     D:3: 760 daAuts
